AoeStats
← el.peligroso

Coastal Forest

510345389Analyzed
2v2 RM · 2d ago on Sep 30, 2026· 39m 5s· 4 players
Game mode
Random Map
Map size
Medium (4 player)
Population
200
Speed
Normal
Resources
Standard
Victory
Conquest
Starting age
Dark Age
Ending age
Imperial Age
RankedLock teamsTeams togetherTeam positionsShared explorationLock speedFull tech treeHidden civsTurbo modeCheats
Victory
Defeat
🇪🇸 Ethiopians · Spain
957
+13
🇪🇸 Berbers · Spain
912
+15
🇪🇸 Khitans · Spain
900
-14
🇪🇸 Vietnamese · Spain
899
-14
Rafitaph
6:49 Loom
9:45 Feudal Age
10:54 Double-Bit Axe
15:18 Fletching
19:20 Town Watch
22:05 Castle Age
20:08 Padded Archer Armor
21:10 Wheelbarrow
20:36 Horse Collar
20:52 Gold Mining
22:16 Crossbowman
22:53 Bodkin Arrow
25:52 Thumb Ring
26:18 Masonry
31:21 Gold Shaft Mining
34:42 Wheelbarrow
dani_diaz91
8:53 Loom
11:32 Feudal Age
16:38 Bloodlines
21:59 Forging
24:01 Castle Age
26:21 Double-Bit Axe
26:21 Horse Collar
27:24 Scale Barding Armor
27:55 Iron Casting
28:36 Husbandry
31:24 Chain Barding Armor
37:44 Gold Mining
el.peligroso
1:19 Loom
11:00 Feudal Age
11:57 Double-Bit Axe
16:07 Scale Mail Armor
15:58 Fletching
20:50 Castle Age
20:28 Scale Barding Armor
20:53 Elite Skirmisher
24:46 Padded Archer Armor
29:40 Pikeman
34:44 Squires
34:57 Forging
la.peligrosa
1:26 Loom
11:45 Feudal Age
17:59 Castle Age
17:23 Double-Bit Axe
18:22 Domestication
22:56 Elite Skirmisher
34:57 Bow Saw
37:00 Wheelbarrow
Connection lost

Rejoining the realm…

Still unreachable

The connection could not be restored.

Session expired

The server has moved on; the page needs a fresh start.